Workbook

Sheet PP Worksheet
B2: PROGRAM PLANNING WORKSHEET
B4: Name: | N4: ID Number:
B5: Registering For: | G5: Spring 27 | J5: Major(s): | S5: Minor(s):
A7: Pre-Registered Courses:
B8: Course Number | G8: Course Title | Q8: Credit Hours | S8: Satisfies: Gen-Ed, Major/Minor, Elective
G9: =IFERROR(VLOOKUP(B9,Courses!$A:$D,2,0)," ") | Q9: =IFERROR(VLOOKUP(B9,Courses!$A:$D,3,0)," ") | S9: =IFERROR(VLOOKUP(B9,Courses!$A:$D,4,0)," ")
G10: =IFERROR(VLOOKUP(B10,Courses!$A:$D,2,0)," ") | Q10: =IFERROR(VLOOKUP(B10,Courses!$A:$D,3,0)," ") | S10: =IFERROR(VLOOKUP(B10,Courses!$A:$D,4,0)," ")
G11: =IFERROR(VLOOKUP(B11,Courses!$A:$D,2,0)," ") | Q11: =IFERROR(VLOOKUP(B11,Courses!$A:$D,3,0)," ") | S11: =IFERROR(VLOOKUP(B11,Courses!$A:$D,4,0)," ")
G12: =IFERROR(VLOOKUP(B12,Courses!$A:$D,2,0)," ") | Q12: =IFERROR(VLOOKUP(B12,Courses!$A:$D,3,0)," ") | S12: =IFERROR(VLOOKUP(B12,Courses!$A:$D,4,0)," ")
G13: =IFERROR(VLOOKUP(B13,Courses!$A:$D,2,0)," ") | Q13: =IFERROR(VLOOKUP(B13,Courses!$A:$D,3,0)," ") | S13: =IFERROR(VLOOKUP(B13,Courses!$A:$D,4,0)," ")
G14: =IFERROR(VLOOKUP(B14,Courses!$A:$D,2,0)," ") | Q14: =IFERROR(VLOOKUP(B14,Courses!$A:$D,3,0)," ") | S14: =IFERROR(VLOOKUP(B14,Courses!$A:$D,4,0)," ")
O15: Total Credits: | Q15: =SUM(Q9:R14) -> 0
A16: Alternative Courses:
B17: Course Number | G17: Course Title | Q17: Credit Hours | S17: Satisfies: Gen Ed, Major/Minor, Elective
G18: =IFERROR(VLOOKUP(B18,Courses!$A:$D,2,0)," ") | Q18: =IFERROR(VLOOKUP(B18,Courses!$A:$D,3,0)," ") | S18: =IFERROR(VLOOKUP(B18,Courses!$A:$D,4,0)," ")
G19: =IFERROR(VLOOKUP(B19,Courses!$A:$D,2,0)," ") | Q19: =IFERROR(VLOOKUP(B19,Courses!$A:$D,3,0)," ") | S19: =IFERROR(VLOOKUP(B19,Courses!$A:$D,4,0)," ")
G20: =IFERROR(VLOOKUP(B20,Courses!$A:$D,2,0)," ") | Q20: =IFERROR(VLOOKUP(B20,Courses!$A:$D,3,0)," ") | S20: =IFERROR(VLOOKUP(B20,Courses!$A:$D,4,0)," ")
G21: =IFERROR(VLOOKUP(B21,Courses!$A:$D,2,0)," ") | Q21: =IFERROR(VLOOKUP(B21,Courses!$A:$D,3,0)," ") | S21: =IFERROR(VLOOKUP(B21,Courses!$A:$D,4,0)," ")
G22: =IFERROR(VLOOKUP(B22,Courses!$A:$D,2,0)," ") | Q22: =IFERROR(VLOOKUP(B22,Courses!$A:$D,3,0)," ") | S22: =IFERROR(VLOOKUP(B22,Courses!$A:$D,4,0)," ")
G23: =IFERROR(VLOOKUP(B23,Courses!$A:$D,2,0)," ") | Q23: =IFERROR(VLOOKUP(B23,Courses!$A:$D,3,0)," ") | S23: =IFERROR(VLOOKUP(B23,Courses!$A:$D,4,0)," ")
B24: *Advisement was based on Degree Progress Report/Academic Requirement Report
B25: *Please check your detailed schedule on Gullnet
B26: Notes:
B32: Pre-registered and suggested courses are based on the information provided by the student via the online pre-registration survey. It is the student’s responsibility to ensure that all information shared is accurate, that transcripts are received in a timely manner and that the courses listed on this sheet are necessary for degree completion.
B34: Student may update schedule starting
B36: Prepared by | P36: Date | Q36: =TODAY() -> 46295
B37: Email Questions to

Sheet Courses
A1: Full | B1: Catalog Descr | C1: Min Units | D1: Fulfills | F1: UPDATED: | G1: 9.10.2026
A2: CCE | B2: CIVIC AND COMMUNITY ENGAGEMENT | D2: GENL24-CCE
A3: DI | B3: DIVERSITY AND INCLUSION | D3: GENL24-DI
A4: ES | B4: ENVIRONMENTAL SUSTAINBILITY | D4: GENL24-ES
A5: FYS | B5: FIRST YEAR SEMINAR | C5: 4 | D5: GENL24-FYS
A6: CTW | B6: COMMUNICATING THROUGH WRITING | C6: 4 | D6: GENL24-CTW
A7: QA | B7: QUANTITATIVE ANALYSIS | D7: GENL24-QA
A8: HE | B8: HUMAN EXPRESSION | C8: 4 | D8: GENL24-HE
A9: HIC | B9: HUMANITY IN CONTEXT | C9: 4 | D9: GENL24-HIC
A10: SC | B10: SOCIAL CONFIGURATIONS | D10: GENL24-SC
A11: SI | B11: SOCIAL ISSUES | D11: GENL24-SI
A12: HOS | B12: HANDS-ON SCIENCE | C12: 4 | D12: GENL24-HOS
A13: STS | B13: SOLUTIONS THROUGH SCIENCE | D13: GENL24-STS
A14: PW | B14: PERSONAL WELLNESS | C14: 4 | D14: GENL24-PW
A15: EL | B15: EXPERIENTIAL LEARNING | D15: GENL24-EL
A16: ELE | B16: MAJOR ELECTIVE | D16: MAJOR
A17: FREE ELE | B17: FREE ELECTIVE | D17: ELECTIVE
A18: ACCT 201 | B18: INTRO TO FINANCIAL ACCT | C18: 3
A19: ACCT 202 | B19: INTRO TO MANAGERIAL ACCT | C19: 3
A20: ACCT 248 | B20: LEGAL ENVIRONMENT OF BUSINESS | C20: 3
A21: ACCT 302 | B21: COST ACCOUNTING I | C21: 3
A22: ACCT 304 | B22: INTERMEDIATE ACCOUNTING I | C22: 3
A23: ACCT 305 | B23: INTERMEDIATE ACCOUNTING II | C23: 3
A24: ACCT 338 | B24: SPECIAL TOPICS IN ACCT | C24: 3
A25: ACCT 341 | B25: INTRODUCTION TO TAXATION | C25: 3
A26: ACCT 342 | B26: FED INCOME TAX: PART & CORP | C26: 3
A27: ACCT 348 | B27: BUSINESS LAW | C27: 3
A28: ACCT 403 | B28: ADVANCED ACCOUNTING I | C28: 3
A29: ACCT 407 | B29: AUDITING | C29: 3
... A42: ACCT 494 | B42: DIRECTED STUDY | C42: 1
A43: ACCT 497 | B43: ACCT CAPSTONE INTERNSHIP | C43: 3 | D43: GENL CCE&GENL EL
A44: ACCT 498 | B44: FRAUD EXAM EXPERIENTIAL I | C44: 3
A45: ACCT 499 | B45: FRAUD EXAM EXPERIENTIAL II | C45: 3
A46: ACCT 510 | B46: GRADUATE SURVEY OF ACCT | C46: 3
A47: ACCT 518 | B47: FRAUD EXAMINATION | C47: 3
A48: ACCT 552 | B48: FINANCIAL STATEMENT FRAUD | C48: 3
A49: ACCT 553 | B49: WHITE COLLAR CRIME | C49: 3
A50: ACCT 605 | B50: FINANCIAL ACCT THEORY | C50: 3
A51: ACCT 608 | B51: ADVANCED AUDITING | C51: 3
A52: ACCT 615 | B52: GOV & NON-PROFIT ACCT | C52: 3
A53: ACCT 620 | B53: ADV ACCOUNT INFO SYSTEMS | C53: 3
A54: ACCT 630 | B54: INTERNATIONAL ACCOUNTING | C54: 3
A55: ACCT 640 | B55: MANAGERIAL ACCOUNTING | C55: 3
... A65: AMST 480 | B65: SENIOR SEMINAR AM STUDIES | C65: 3
A66: ANTH 100 | B66: CULTURAL ANTH & LINGUISTICS | C66: 4 | D66: GENL DI
A67: ANTH 102 | B67: BIOLOGICAL ANTH & ARCHLGY | C67: 4
A68: ANTH 200 | B68: TOPICS IN ANTHROPOLOGY | C68: 4
A69: ANTH 201 | B69: CULTURAL ANTHRO SURVEY | C69: 4
A70: ANTH 202 | B70: ARCHAEOLOGY SURVEY | C70: 4
A71: ANTH 215 | B71: RELIGION MAGIC & WITCHCRAFT | C71: 4
A72: ANTH 301 | B72: CULT ANTH METHOD & THEORY | C72: 4
A73: ANTH 302 | B73: ARCH METHOD & THEORY | C73: 4
A74: ANTH 400 | B74: INDIVIDUAL DIRECTED STUDY | C74: 4
A75: ANTH 410 | B75: ARCHAEOLOG FIELD METHODS | C75: 6
A76: ANTH 459 | B76: SEMINAR IN ANTHROPOLOGY | C76: 4
A77: ANTH 497 | B77: UNDERGRADUATE RESEARCH | C77: 4
A78: ANTH 500 | B78: INDIVIDUAL DIRECTED STUDY | C78: 3
... A82: ARAB 102 | B82: ELEMENTARY ARABIC II | C82: 4
A83: ART 104 | B83: ART APPRECIATION | C83: 4 | D83: GENL HE
A84: ART 107 | B84: CREATIVE WELLNESS | C84: 4 | D84: GENL PW
A85: ART 121 | B85: DESIGN PRINCIPLES | C85: 4 | D85: GENL HE
A86: ART 129 | B86: INTRO TO DIGITAL PHOTOG | C86: 4 | D86: GENL HE
A87: ART 130 | B87: DRAWING I | C87: 4
A88: ART 201 | B88: INTRODUCTION TO ART HIST | C88: 4 | D88: GENL HE
A89: ART 202 | B89: INTRO TO ART HIST: PREHST-1400 | C89: 4 | D89: GENL HIC
A90: ART 203 | B90: INTRO TO ART HIST: 1400-PRESNT | C90: 4 | D90: GENL HIC
A91: ART 208 | B91: HIST BAROQUE & ROCOCO ART | C91: 4
A92: ART 215 | B92: CERAMICS I | C92: 4 | D92: GENL HE
A93: ART 226 | B93: GRAPHIC DESIGN I | C93: 4
A94: ART 227 | B94: DIGITAL DESIGN & LAYOUT | C94: 4
A95: ART 229 | B95: INTRO TO DARKROOM PHOTOGRAPHY | C95: 4
A96: ART 230 | B96: DRAWING II | C96: 4
A97: ART 246 | B97: PAINTING I | C97: 4 | D97: GENL HE
A98: ART 261 | B98: SCULPTURE I | C98: 4 | D98: GENL HE
A99: ART 271 | B99: GLASS I | C99: 4 | D99: GENL HE
A100: ART 280 | B100: NEW MEDIA I | C100: 4 | D100: GENL HE
A101: ART 299 | B101: SOPHOMORE SEMINAR | C101: 2
A102: ART 300 | B102: HIST OF MODERN ART TO 1945 | C102: 4
A103: ART 301 | B103: NORTHERN RENAISSANCE ART | C103: 4
A104: ART 302 | B104: HIST AM ART: COL PER TO 1900 | C104: 4
A105: ART 303 | B105: HIST AM ART: 20TH CENTURY | C105: 4
A106: ART 305 | B106: ART SINCE 1945 | C106: 4
A107: ART 306 | B107: HISTORY OF GREEK/ROMAN ART | C107: 4
A108: ART 310 | B108: HIST ITALIAN RENAISSANCE ART | C108: 4
A109: ART 311 | B109: HISTORY OF PRE-COLUMBIAN ART | C109: 4
A110: ART 312 | B110: WEB DESIGN | C110: 4
A111: ART 313 | B111: INTERACTIVE ANIMATION | C111: 4
A112: ART 315 | B112: POTTERY | C112: 4
... A115: ART 326 | B115: GRAPHIC DESIGN II | C115: 4
A116: ART 327 | B116: DESIGN FOR SOCIAL GOOD | C116: 4 | D116: GENL CCE
A117: ART 328 | B117: ILLUSTRATION | C117: 4
A118: ART 329 | B118: ALT PROCESSES IN FILM PHOTO | C118: 4 | D118: GENL ES
A119: ART 330 | B119: DRAWING III | C119: 4
A120: ART 335 | B120: WOMEN IN ART | C120: 4
A121: ART 336 | B121: HISTORY OF GRAPHIC DESIGN | C121: 4
A122: ART 337 | B122: HISTORY OF PHOTOGRAPHY | C122: 4
A123: ART 340 | B123: PAINTING II | C123: 4
A124: ART 345 | B124: ADVANCED COMPOSITION | C124: 4
A125: ART 350 | B125: PRINTMAKING:LITHOGRAPHY | C125: 4
A126: ART 351 | B126: PRINTMAKING: ETCHING | C126: 4
...
